[Event "Team 45 45 League T28"]
[Site "Internet Chess Club"]
[Date "2005.09.18"]
[Round "1"]
[White "nursey"]
[Black "kingfischer57"]
[Result "0-1"]
[WhiteElo "1599"]
[BlackElo "1821"]
[TimeControl "2700+45"]

1. d4 Nf6 2. c4 g6 3. Nc3 d5 4. cxd5 Nxd5 5. e4 Nxc3 6. bxc3 Bg7 7. Bc4 c5 8.
Ne2 cxd4 9. cxd4 Nc6 10. Bd5 Bd7 11. Rb1 e6 12. Bc4 b6 13. O-O O-O 14. Ba3 Re8
15. Ba6 Bc8 16. Bb5 Bd7 17. Re1 a6 18. Bc4 b5 19. Bb3 Na5 20. Rc1 Nxb3 21. axb3
Rc8 22. Rxc8 Qxc8 23. Nf4 Qc3 24. Ne2 Qc6 25. Nf4 Rc8 26. d5 Qb6 27. dxe6 Bxe6
28. Nd5 Bxd5 29. exd5 b4 30. Qg4 Rc2 31. Bxb4 Qxf2+ 32. Kh1 h5 33. Qg5 Bf6 34.
Qg3 Qxg3 35. Re8+ Kg7 36. hxg3 h4 37. gxh4 Bxh4 38. Bf8+ Kh7 39. Kh2 Rd2 40. Ra8
Rxd5 41. Rxa6 Rb5 42. b4 Be1 43. Ra7 Kg8 44. Ra8 f5 45. Bc5+ Kf7 46. Ra7+ Kf6
47. Bd4+ Kg5 48. Be3+ Kg4 49. Ra6 Kh5 50. Bc5 Bxb4 51. Bxb4 Rxb4 52. Kg3 g5 53.
Ra8 Rb3+ 54. Kf2 Kg4 55. Ra4+ f4 56. Re4 Rb2+ 57. Re2 Rxe2+ 58. Kxe2 Kg3 {White
resigns} 0-1

[Event "Team 45 45 League T28"]
[Site "Internet Chess Club"]
[Date "2005.09.17"]
[Round "1"]
[White "crankn8tr"]
[Black "jimgrange"]
[Result "0-1"]
[WhiteElo "1585"]
[BlackElo "1703"]
[TimeControl "2700+45"]

1. e4 c6 2. d4 d5 3. Nc3 dxe4 4. Nxe4 Nd7 5. Bd3 Ngf6 6. Ng3 e6 7. Nf3 c5 8. c3
Be7 9. O-O O-O 10. Qc2 h6 11. Bd2 b6 12. Rad1 Bb7 13. Ne5 cxd4 14. cxd4 Nxe5 15.
dxe5 Qd5 16. f3 Qxe5 17. Rfe1 Qc5+ 18. Kh1 Qxc2 19. Bxc2 Rac8 20. Rc1 Rfd8 21.
Bc3 Nd5 22. Ne4 Nxc3 23. Nxc3 Bb4 24. Re3 Bxc3 25. Rxc3 Rxc3 26. bxc3 Rd2 27.
Bb3 Kf8 28. a4 Ke7 29. Kg1 Rb2 30. Bc2 Ra2 31. Kf2 Bc6 32. Ke3 Bxa4 33. Bxa4
Rxa4 34. Rd1 Rc4 35. Rd3 a5 36. Kd2 Rc7 37. Kc2 Rd7 38. Re3 Rd5 39. c4 Rc5 40.
Kb3 f6 41. Rd3 Rc6 42. Rd4 f5 43. g4 g6 44. gxf5 exf5 45. h4 Rd6 46. Kc3 Rxd4
47. Kxd4 Kd6 48. f4 a4 49. Kc3 Kc5 50. Kb2 Kxc4 51. Ka3 b5 52. Kb2 b4 53. Kc2
b3+ 54. Kb2 a3+ 55. Kxa3 Kc3 {White resigns} 0-1

[Event "Team 45 45 League T28"]
[Site "Internet Chess Club"]
[Date "2005.09.16"]
[Round "1"]
[White "gule"]
[Black "TimGluckman"]
[Result "1-0"]
[WhiteElo "1899"]
[BlackElo "1867"]
[TimeControl "2700+45"]

1. d4 b6 2. e4 e6 3. Bf4 Bb7 4. Nd2 f5 5. exf5 exf5 6. Ngf3 Nc6 7. Qe2+ Qe7 8.
Qxe7+ Bxe7 9. O-O-O O-O-O 10. Bd3 Bf6 11. c3 Nge7 12. Rde1 Nd5 13. Bg5 Bxg5 14.
Nxg5 Rdf8 15. Ngf3 Nf4 16. Bf1 Re8 17. Rxe8+ Rxe8 18. g3 Nd5 19. Bd3 g6 20. Kd1
Kd8 21. Re1 Rxe1+ 22. Kxe1 Nf6 23. h3 Ne7 24. Ne5 c5 25. dxc5 bxc5 26. Ndc4 d5
27. Nd6 Kc7 28. Nxb7 Kxb7 29. Ke2 Nc6 30. Nf7 Ne4 31. Bxe4 fxe4 32. Ng5 h6 33.
Nf7 h5 34. f3 exf3+ 35. Kxf3 Kc7 36. Kf4 d4 37. cxd4 cxd4 38. Ke4 Kd7 39. Ng5
Kd6 40. Nf3 Kc5 41. a3 Kc4 42. Nd2+ Kb5 43. g4 hxg4 44. hxg4 a5 45. b3 a4 46.
bxa4+ Kxa4 47. Nf3 Kxa3 48. Nxd4 Ne7 49. Ke5 Ng8 50. g5 Kb4 51. Ke6 Kc4 52. Nf3
Kd3 53. Kf7 Ke4 54. Kxg8 Kxf3 55. Kg7 {Black resigns} 1-0

[Event "Team 45 45 League T28"]
[Site "Internet Chess Club"]
[Date "2005.09.16"]
[Round "1"]
[White "Rookmaster"]
[Black "jessewang"]
[Result "0-1"]
[WhiteElo "1747"]
[BlackElo "1818"]
[TimeControl "2700+45"]

1. e4 c5 2. Nf3 d6 3. d4 cxd4 4. Qxd4 Nc6 5. Bb5 Nf6 6. Nc3 e5 7. Qd3 Bd7 8.
Bxc6 Bxc6 9. Bg5 Be7 10. O-O-O a6 11. Bxf6 gxf6 12. Nh4 Rg8 13. Nf5 b5 14. Nxd6+
Bxd6 15. Qxd6 Qxd6 16. Rxd6 Bb7 17. Rxf6 Rxg2 18. Nd5 Bxd5 19. exd5 Ke7 20. Rh6
Rxf2 21. Rxh7 Rc8 22. c3 Rc5 23. Rd1 Rf6 24. d6+ Kd7 25. Kb1 Rc6 26. h4 Rcxd6
27. Rxd6+ Kxd6 28. Rh8 Ke6 29. h5 Kf5 30. Kc2 Kg5 31. Rh7 e4 32. b3 Rf2+ 33. Kd1
f5 34. a4 f4 35. axb5 axb5 36. Rb7 Kxh5 37. Rxb5+ Kg4 38. c4 e3 39. c5 e2+ 40.
Ke1 Kf3 41. c6 Rf1+ 42. Kd2 Rd1+ 43. Kc2 e1=Q {White resigns} 0-1

[Event "Team 45 45 League T28"]
[Site "Internet Chess Club"]
[Date "2005.09.16"]
[Round "1"]
[White "Poet-Laureate"]
[Black "Kingofknights"]
[Result "1-0"]
[WhiteElo "1813"]
[BlackElo "1690"]
[TimeControl "2700+45"]

1. e4 c6 2. Nf3 d5 3. exd5 Qxd5 4. Nc3 Qa5 5. Bc4 Bg4 6. O-O Qf5 7. Be2 Nf6 8.
d3 Nbd7 9. d4 e6 10. Bd3 Qh5 11. Bf4 Be7 12. Ne4 Bxf3 13. Qxf3 Qxf3 14. gxf3
O-O-O 15. c3 Nd5 16. Bg3 f5 17. Nd6+ Bxd6 18. Bxd6 N7f6 19. Be5 Rhg8 20. Kh1 Nh5
21. Rae1 Kd7 22. Rg1 Ndf4 23. Bf1 g5 24. h3 Rg6 25. Kh2 Rdg8 26. c4 Rh6 27. d5
cxd5 28. cxd5 Nxd5 29. Bb5+ Ke7 30. Bc4 Nhf4 31. Rg3 g4 32. fxg4 Rxg4 33. Bxd5
Nxd5 34. f3 Rxg3 35. Kxg3 Rg6+ 36. Kf2 Nb4 37. Re3 Nc6 38. Bc3 h5 39. Re2 b5 40.
a3 a5 41. Rc2 e5 42. h4 Kd6 43. Bd2 f4 44. Bc3 Rg3 45. Rd2+ Ke6 46. Rd1 Rh3 47.
Rg1 Rh2+ 48. Kf1 Rxh4 49. Kg2 Nd4 50. Bxa5 e4 51. fxe4 f3+ 52. Kf2 Rxe4 53. Bc3
Re2+ 54. Kg3 Re3 55. Bxd4 h4+ 56. Kxh4 Re4+ 57. Rg4 Kd5 58. Rxe4 Kxe4 59. Bf2
Kd3 60. Kg3 Ke4 61. Bb6 {Black resigns} 1-0

[Event "Team 45 45 League T28"]
[Site "Internet Chess Club"]
[Date "2005.09.17"]
[Round "1"]
[White "az2112"]
[Black "EquesQuartus"]
[Result "1-0"]
[WhiteElo "1690"]
[BlackElo "1612"]
[TimeControl "2700+45"]

1. e4 e6 2. d4 d5 3. Nd2 a6 4. Ngf3 c5 5. c4 Nf6 6. exd5 exd5 7. Qe2+ Be7 8.
dxc5 Nc6 9. a3 O-O 10. cxd5 Qxd5 11. b4 Re8 12. Nc4 Bxc5 13. Ne3 Bxe3 14. Bxe3
Bg4 15. Rd1 Bxf3 16. Qxf3 Qe5 17. Be2 Qc3+ 18. Bd2 Qxf3 19. gxf3 Nd4 20. Be3
Nc2+ 21. Kd2 Nxa3 22. Rhg1 Rad8+ 23. Kc1 Rc8+ 24. Kd2 Red8+ 25. Bd3 Rc2+ 26. Ke1
Rb2 27. Bxh7+ Kxh7 28. Rxd8 Rxb4 29. Ke2 Nc4 30. Bd4 Na3 31. Bxf6 gxf6 32. Rdg8
Rb2+ 33. Ke3 Nc4+ 34. Kd4 Ne5 35. R1g7+ Kh6 36. f4 Rb4+ 37. Ke3 Rb3+ 38. Ke4 Nd3
39. Kf5 Rb5+ 40. Kxf6 Nxf2 41. Rh8# {Black checkmated} 1-0

[Event "Team 45 45 League T28"]
[Site "Internet Chess Club"]
[Date "2005.09.17"]
[Round "1"]
[White "chesskix"]
[Black "Traho"]
[Result "1-0"]
[WhiteElo "1455"]
[BlackElo "1356"]
[TimeControl "2700+45"]

1. d4 Nf6 2. c4 d5 3. Nc3 e6 4. Bg5 Be7 5. Nf3 h6 6. Bxf6 Bxf6 7. e3 c6 8. Bd3
Nd7 9. O-O O-O 10. Qc2 Re8 11. Ne2 e5 12. dxe5 Nxe5 13. Nxe5 Bxe5 14. cxd5 cxd5
15. Rad1 Be6 16. b3 Qc8 17. Nd4 Qxc2 18. Bxc2 Rac8 19. Bf5 Bxd4 20. Bxe6 fxe6
21. Rxd4 Rc2 22. a4 Rec8 23. g3 Rb2 24. b4 Rc4 25. b5 Rxd4 26. exd4 Rc2 27. a5
Rc3 28. Rd1 Kf7 29. h4 Rb3 30. b6 axb6 31. axb6 Rxb6 32. Rc1 Rc6 33. Rb1 b6 34.
Rb5 Kf6 35. Kg2 Ke7 36. f4 Kd6 37. Kf3 Rc3+ 38. Kg4 Kc6 39. Rb1 Rc4 40. Re1 Kd6
41. Rb1 Kc6 42. Kh5 Rxd4 43. Kg6 Re4 44. Kxg7 d4 45. Rc1+ Kd5 46. Kxh6 d3 47.
Rd1 Kd4 48. Kg5 Re2 49. h5 Ke3 50. h6 Rh2 51. Kg6 Ke2 52. Rb1 Ke3 53. Rxb6 d2
54. Rxe6+ Kf3 55. Rd6 Ke2 56. Kg7 Ke1 57. h7 Rxh7+ 58. Kxh7 Ke2 59. f5 {Black
resigns} 1-0

[Event "Team 45 45 League T28"]
[Site "Internet Chess Club"]
[Date "2005.09.18"]
[Round "1"]
[White "Mississippian"]
[Black "Willymty"]
[Result "1-0"]
[WhiteElo "1410"]
[BlackElo "1205"]
[TimeControl "2700+45"]

1. e4 e5 2. Nf3 Nc6 3. d4 d5 4. dxe5 dxe4 5. Qxd8+ Nxd8 6. Nd4 h6 7. Nc3 Ne7 8.
Nxe4 Ng6 9. Nb5 Ne6 10. f4 f5 11. exf6 Kf7 12. f5 gxf6 13. fxe6+ Bxe6 14. Be2 h5
15. O-O Be7 16. Ng5+ Ke8 17. Nxe6 Kd7 18. Nexc7 Rac8 19. Nd5 Bc5+ 20. Kh1 Be7
21. Nxf6+ Bxf6 22. Rxf6 Rce8 23. Rd6+ Kc8 24. Rd2 Rhf8 25. Nd6+ Kd7 26. Nxe8+
Kxe8 27. Bb5+ Ke7 28. Re2+ Kd6 29. Bd2 Kc5 30. a4 a6 31. b4+ Kb6 32. Re6+ Kc7
33. Bd3 Nf4 34. Bxf4+ Rxf4 35. b5 axb5 36. axb5 Rb4 37. h3 Kd7 38. Rae1 h4 39.
Re7+ Kd6 40. Rxb7 Kc5 41. Re5+ Kd4 42. Re4+ Kc5 43. Rxb4 Kxb4 44. Rh7 Ka5 45.
Rh6 Kb4 {Black resigns} 1-0

[Event "Team 45 45 League T28"]
[Site "Internet Chess Club"]
[Date "2005.09.16"]
[Round "1"]
[White "MJBerkey88"]
[Black "fuzzface"]
[Result "0-1"]
[WhiteElo "1210"]
[BlackElo "1430"]
[TimeControl "2700+45"]

1. e4 g6 2. d4 Bg7 3. c4 e6 4. Nf3 b6 5. Be2 Bb7 6. Nc3 Nf6 7. e5 Ne4 8. Nxe4
Bxe4 9. Bd3 Bxd3 10. Qxd3 c5 11. d5 O-O 12. d6 f6 13. Bf4 Nc6 14. Qe3 Nb4 15.
Qc3 g5 16. Bg3 g4 17. Nd2 fxe5 18. Bxe5 Bxe5 19. Qxe5 Nd3+ {White resigns} 0-1

[Event "Team 45 45 League T28"]
[Site "Internet Chess Club"]
[Date "2005.09.19"]
[Round "1"]
[White "gatoruss"]
[Black "klt713"]
[Result "1-0"]
[WhiteElo "1290"]
[BlackElo "1208"]
[TimeControl "2700+45"]

1. d4 d5 2. c4 e6 3. Nc3 Bb4 4. Nf3 Nc6 5. Ne5 Bxc3+ 6. bxc3 Nxe5 7. dxe5 c5 8.
cxd5 exd5 9. Ba3 b6 10. e4 Be6 11. Bb5+ Bd7 12. Bxd7+ Qxd7 13. Qxd5 Qxd5 14.
exd5 Rd8 15. Rd1 Ne7 16. c4 O-O 17. d6 Nc6 18. Bc1 Nxe5 19. O-O Nxc4 20. Bf4 Rd7
21. Rfe1 h6 22. Re7 Rfd8 23. Rxd7 Rxd7 24. h4 Kh7 25. h5 f6 26. g4 Ne5 27. Bxe5
fxe5 28. Re1 Rxd6 29. Rxe5 Rc6 30. f4 c4 31. g5 c3 32. g6+ Rxg6+ 33. hxg6+ Kxg6
34. Re6+ Kf5 35. Rc6 Kxf4 36. Rxc3 Ke5 37. Rc7 Kd5 38. Rxa7 Kc5 39. Rxg7 b5 40.
Rc7+ Kb4 41. Rh7 Ka3 42. Rxh6 Kxa2 43. Rh2+ Kb3 44. Kf1 b4 45. Ke1 Kc3 46. Kd1
b3 47. Kc1 Kd3 48. Kb2 Ke3 49. Kxb3 Kf3 50. Kc3 Kg3 51. Rh8 Kf4 52. Kd4 Kf3 53.
Rf8+ Ke2 54. Kc3 Ke3 55. Re8+ Kf4 56. Kd4 Kf3 57. Kd3 Kf4 58. Ke2 Kf5 59. Ke3
Kf6 60. Kd4 Kf7 61. Re1 Kf6 62. Kd5 Kf5 63. Rf1+ Kg4 64. Ke4 Kg5 65. Ke5 Kg4 66.
Rf8 Kg3 67. Ke4 Kg4 68. Rg8+ Kh3 69. Kf3 Kh2 70. Kf2 Kh3 71. Kg1 Kh4 72. Kf2 Kh5
73. Kf3 Kh6 74. Kf4 Kh7 75. Rg1 Kh6 76. Kf5 Kh5 77. Rh1# {Black checkmated} 1-0

[Event "Team 45 45 League T28"]
[Site "Internet Chess Club"]
[Date "2005.09.19"]
[Round "1"]
[White "ffplayer"]
[Black "cwberkey"]
[Result "0-1"]
[WhiteElo "1102"]
[BlackElo "1374"]
[TimeControl "2700+45"]

1. d4 g6 2. Nf3 Bg7 3. e4 d6 4. c4 Bg4 5. Be2 Nf6 6. Nc3 O-O 7. O-O c6 8. Re1
Nfd7 9. h3 Bxf3 10. Bxf3 Nb6 11. c5 dxc5 12. dxc5 Qxd1 13. Rxd1 N6d7 14. Be3 Rd8
15. Rac1 Ne5 16. Rxd8+ Bf8 17. Rdd1 Nbd7 18. Bg4 Nf6 19. f4 Nc4 20. e5 Nxe3 21.
exf6 Nxd1 22. Rxd1 exf6 23. b4 Bg7 24. Ne2 f5 25. Bf3 Re8 26. Rd7 Rb8 27. g4
fxg4 28. hxg4 Bb2 29. Rd3 Re8 30. a3 Re7 31. Nc3 Bxa3 32. b5 Bxc5+ 33. Kg2 cxb5
34. Nxb5 b6 35. Nd6 Rd7 36. Bd5 Rxd6 37. Bxf7+ Kxf7 38. Rxd6 Bxd6 39. f5 gxf5
40. gxf5 Kf6 41. Kf3 a5 42. Ke3 a4 43. Kd3 a3 44. Kc2 h5 45. Kb3 h4 46. Ka2 h3
{White resigns} 0-1

[Event "Team 45 45 League T28"]
[Site "Internet Chess Club"]
[Date "2005.09.16"]
[Round "1"]
[White "tarheels"]
[Black "kamu"]
[Result "1-0"]
[WhiteElo "1707"]
[BlackElo "1640"]
[TimeControl "2700+45"]

1. e4 Nf6 2. Nc3 d6 3. Bc4 g6 4. Nf3 Bg7 5. O-O O-O 6. h3 c5 7. a4 Nc6 8. Nd5
Nxe4 9. Bb5 e6 10. Nf4 Bd7 11. d3 Nf6 12. Re1 a6 13. Bc4 d5 14. Bb3 Na5 15. c3
Nxb3 16. Qxb3 Qc7 17. a5 Rab8 18. Be3 b6 19. axb6 Rxb6 20. Qa3 Rc6 21. d4 c4 22.
Ne5 Rb6 23. Ne2 Rfb8 24. Bg5 Ne4 25. Bf4 Nd6 26. Qc5 Bxe5 27. Qxc7 Bxf4 28. Nxf4
Bb5 29. h4 {Black resigns} 1-0

[Event "Team 45 45 League T28"]
[Site "Internet Chess Club"]
[Date "2005.09.15"]
[Round "1"]
[White "Trixi"]
[Black "chevalpnh"]
[Result "0-1"]
[WhiteElo "1478"]
[BlackElo "1388"]
[TimeControl "2700+45"]

1. e4 c6 2. d4 d5 3. e5 Bf5 4. Ne2 e6 5. Ng3 Bg6 6. h4 h6 7. h5 Bh7 8. Bd3 Bxd3
9. Qxd3 Nd7 10. Be3 Qc7 11. c3 c5 12. Nd2 Ne7 13. f4 cxd4 14. cxd4 Nc6 15. Rc1
Bb4 16. a3 Bxd2+ 17. Qxd2 Qa5 18. Qxa5 Nxa5 19. Bd2 Nb3 20. Rc7 Rb8 21. Be3 Nb6
22. Rc3 Na5 23. b3 O-O 24. O-O Rbc8 25. Rfc1 Rxc3 26. Rxc3 Rc8 27. Rxc8+ Nxc8
28. b4 Nc4 29. Bc1 Ne7 30. Kf2 Nc6 31. Ne2 f5 32. g3 a5 33. b5 Na7 34. a4 Nc8
35. Nc3 Ne7 36. Kf3 g6 37. hxg6 Nxg6 38. Kg2 h5 39. Kh3 Kg7 40. Kg2 Ne7 41. Kf3
Ng8 42. Be3 Nh6 43. Bg1 Ng4 44. Ke2 Kh6 45. Kf3 b6 46. Ke2 Kg7 47. Nd1 Kh6 48.
Kd3 Kg6 49. Kc3 Kh6 50. Bf2 {White disconnected and forfeits} 0-1

[Event "Team 45 45 League T28"]
[Site "Internet Chess Club"]
[Date "2005.09.17"]
[Round "1"]
[White "bondguy01"]
[Black "Thersites"]
[Result "1-0"]
[WhiteElo "1603"]
[BlackElo "1666"]
[TimeControl "2700+45"]

1. e4 c5 2. Nf3 e6 3. d3 Nc6 4. c3 Nge7 5. g3 Ng6 6. Bg2 d5 7. Qe2 Be7 8. O-O
O-O 9. Re1 dxe4 10. dxe4 b6 11. Na3 Bb7 12. e5 Qc7 13. Nb5 Qb8 14. h4 a6 15. Na3
Bd8 16. Nc4 Bc7 17. h5 Nge7 18. h6 g6 19. Bg5 Nd5 20. Rad1 b5 21. Ne3 Nce7 22.
Ng4 c4 23. Bxe7 Nxe7 24. Nf6+ Kh8 25. Nd7 Qe8 26. Nxf8 Qxf8 27. Rd7 Nd5 28. Ng5
{Black resigns} 1-0

[Event "Team 45 45 League T28"]
[Site "Internet Chess Club"]
[Date "2005.09.14"]
[Round "1"]
[White "tammany"]
[Black "clarinetref"]
[Result "1-0"]
[WhiteElo "1558"]
[BlackElo "1535"]
[TimeControl "2700+45"]

1. e4 c5 2. Nf3 Nc6 3. Bb5 Nd4 4. Nxd4 cxd4 5. O-O e5 6. Qh5 Qc7 7. c3 a6 8. Ba4
b5 9. Bb3 g6 10. Qf3 d6 11. Qf6 Nxf6 12. cxd4 Nxe4 13. d3 Nf6 14. Bg5 Be7 15.
Nc3 O-O 16. dxe5 dxe5 17. Rac1 Qd6 18. Bxf6 Bxf6 19. Ne4 Qe7 20. Rc6 Be6 21.
Rfc1 Rac8 22. Bxe6 fxe6 23. Rxc8 Rxc8 24. Rxc8+ Kf7 25. Rc6 Qd7 26. Nd6+ Kg7 27.
Rc7 Qxc7 28. Ne8+ Kf7 29. Nxc7 Bd8 30. Nxa6 Kf6 31. g4 Kg5 32. h3 Kf4 33. Nc5
Kf3 34. Nxe6 Bb6 35. Ng5+ Ke2 36. Nxh7 Bxf2+ 37. Kg2 Bd4 38. b3 Kxd3 39. a4 bxa4
40. bxa4 e4 41. Ng5 e3 42. Nf3 Bc5 43. a5 Kc2 44. a6 Kd1 45. h4 e2 46. h5 gxh5
47. gxh5 e1=Q 48. Nxe1 Kxe1 49. h6 Bd4 50. h7 Ke2 51. a7 {Black resigns} 1-0

[Event "Team 45 45 League T28"]
[Site "Internet Chess Club"]
[Date "2005.09.17"]
[Round "1"]
[White "Just-Jim"]
[Black "dougmo"]
[Result "1/2-1/2"]
[WhiteElo "1417"]
[BlackElo "1498"]
[TimeControl "2700+45"]

1. Nf3 Nf6 2. g3 d5 3. d4 c5 4. b3 cxd4 5. Qxd4 Nc6 6. Qd1 e5 7. Bg2 Be7 8. Bb2
e4 9. Nd4 O-O 10. O-O Nxd4 11. Qxd4 Bg4 12. f3 Rc8 13. Qe5 exf3 14. exf3 Re8 15.
Qg5 Bd7 16. Qd2 Bc5+ 17. Kh1 Bb5 18. Rd1 Re2 19. Qg5 Be3 20. Bxf6 Bxg5 21. Bxd8
Rxd8 22. Na3 Bc6 23. f4 Bf6 24. Rab1 b5 25. c4 bxc4 26. bxc4 Ba8 27. cxd5 Rxa2
28. Nb5 g6 29. Nc7 Kg7 30. Nxa8 Rxa8 31. d6 Rd8 32. Rbc1 a5 33. d7 a4 34. Rc8
Kf8 35. Rxd8+ Bxd8 36. Re1 Kg7 37. Bc6 Kf6 38. Re8 Be7 39. d8=Q Bxd8 40. Rxd8 a3
41. Ra8 Ra1+ 42. Kg2 Rc1 43. Ra6 Kg7 44. Bd5 Rc2+ 45. Kh3 Rc5 46. Bxf7 Kxf7 47.
Rxa3 Rc2 48. Ra7+ Kg8 49. Ra5 Kg7 50. f5 gxf5 51. Rxf5 Rb2 52. g4 Rb3+ 53. Kh4
Rb2 54. h3 Rh2 55. g5 h6 56. gxh6+ Kxh6 57. Kg3 Rh1 58. h4 Rg1+ 59. Kh3 Rh1+ 60.
Kg4 Rg1+ 61. Kf4 Rf1+ 62. Kg4 Rxf5 63. Kxf5 Kh5 {Game drawn by mutual agreement}
1/2-1/2

[Event "Team 45 45 League T28"]
[Site "Internet Chess Club"]
[Date "2005.09.20"]
[Round "1"]
[White "e4ia"]
[Black "jientho"]
[Result "1-0"]
[WhiteElo "1554"]
[BlackElo "1295"]
[TimeControl "2700+45"]

1. d4 d5 2. Nf3 Nf6 3. e3 c5 4. dxc5 Nc6 5. a3 e5 6. b4 e4 7. Nd4 Bg4 8. Be2
Nxd4 9. Qxd4 Bxe2 10. Kxe2 Qd7 11. Rd1 Qg4+ 12. Kf1 Rc8 13. Nc3 Qe6 14. Nxd5
Nxd5 15. Qxd5 Be7 16. Qxe6 fxe6 17. Bb2 O-O 18. Rd7 Bf6 19. Bxf6 Rxf6 20. Rad1
Rcf8 21. R1d2 e5 22. Rxb7 Ra6 23. Rdd7 Rg6 24. Rxa7 h5 25. c6 Rc8 26. c7 Rc6 27.
Rd8+ {Black resigns} 1-0

[Event "Team 45 45 League T28"]
[Site "Internet Chess Club"]
[Date "2005.09.18"]
[Round "1"]
[White "Joyoyo"]
[Black "egd01"]
[Result "1-0"]
[WhiteElo "1666"]
[BlackElo "1606"]
[TimeControl "2700+45"]

1. e4 c5 2. Nf3 d6 3. d4 cxd4 4. Nxd4 Nf6 5. Nc3 g6 6. f3 Bg7 7. Be3 O-O 8. Qd2
Nc6 9. O-O-O Bd7 10. g4 Ne5 11. Kb1 Rc8 12. Be2 Nc4 13. Bxc4 Rxc4 14. Qd3 Rc8
15. h4 a6 16. h5 b5 17. hxg6 fxg6 18. Bh6 e5 19. Nde2 Be6 20. Qxd6 Qxd6 21. Rxd6
Bxg4 22. Bxg7 Bxf3 23. Bxf8 Bxh1 24. Be7 Nxe4 25. Nxe4 Bxe4 26. Rd2 Kf7 27. Bg5
Ke6 28. Nc3 Kf5 29. Bh6 b4 30. Rf2+ Kg4 31. Nxe4 Rc4 32. Nf6+ Kg3 33. Re2 Rh4
34. Bc1 e4 35. Nxe4+ Kf3 36. Re3+ Kg2 37. Nc5 a5 38. b3 Rh5 39. Nd3 Rf5 40. Re7
h5 41. Rg7 h4 42. Rxg6+ Kh2 43. Nf4 Re5 44. Rh6 Kg3 45. Nd3 Re4 46. Bf4+ {Black
resigns} 1-0

[Event "Team 45 45 League T28"]
[Site "Internet Chess Club"]
[Date "2005.09.17"]
[Round "1"]
[White "calily"]
[Black "cayo89"]
[Result "0-1"]
[WhiteElo "1581"]
[BlackElo "1709"]
[TimeControl "2700+45"]

1. e4 e6 2. d4 d5 3. exd5 exd5 4. Nf3 Nf6 5. Bd3 Bd6 6. O-O O-O 7. Bg5 Bg4 8. h3
Bh5 9. Re1 h6 10. Bh4 Nc6 11. c3 g5 12. Bg3 Bxg3 13. fxg3 Qd6 14. g4 Bg6 15.
Bxg6 fxg6 16. Qc2 Kg7 17. Nbd2 Rae8 18. a4 Qf4 19. b4 Ne4 20. Nxe4 dxe4 21. Ne5
Nxe5 22. dxe5 e3 23. Rf1 Qxe5 24. Rxf8 Rxf8 25. Re1 Qg3 26. Re2 Rd8 27. c4 Rd2
28. Qc3+ Kf7 29. Rxd2 Qe1+ 30. Kh2 exd2 31. Qh8 d1=Q 32. Qh7+ Kf6 33. Qh8+ Ke7
34. Qg7+ Kd8 {White resigns} 0-1

[Event "Team 45 45 League T28"]
[Site "Internet Chess Club"]
[Date "2005.09.18"]
[Round "1"]
[White "JesterFox"]
[Black "mambomex"]
[Result "1-0"]
[WhiteElo "1541"]
[BlackElo "1505"]
[TimeControl "2700+45"]

1. c4 Nf6 2. d4 e6 3. Nc3 d5 4. e3 Nbd7 5. Nf3 Be7 6. Bd3 dxc4 7. Bxc4 O-O 8.
O-O b6 9. a3 Bb7 10. b4 Rc8 11. Bd3 c5 12. bxc5 bxc5 13. Bd2 cxd4 14. Nxd4 Nb6
15. a4 e5 16. Nf5 Nbd5 17. Nxd5 Nxd5 18. Nxe7+ Qxe7 19. Rb1 Rfd8 20. Qb3 Rb8 21.
Ba5 Rdc8 22. Be4 Nc3 23. Bxc3 Bxe4 24. Qxb8 Rxb8 25. Rxb8+ Qf8 26. Rxf8+ Kxf8
27. Bxe5 f6 28. Bd4 a6 29. Rc1 Kf7 30. Rc7+ Kg6 31. Ra7 Bd3 32. f3 h6 33. e4 Bc4
34. Kf2 Bd3 35. Ke3 Bf1 36. a5 h5 37. Kd2 Bxg2 38. Rxa6 Bxf3 39. Ke3 Bg2 40. Rb6
Bf1 41. a6 Bxa6 42. Rxa6 Kg5 43. Kf3 Kh4 44. Bxf6+ gxf6 45. Rxf6 Kh3 46. e5 h4
47. e6 Kxh2 48. e7 h3 49. e8=Q Kh1 50. Qe1+ Kh2 51. Qg3+ Kh1 52. Qxh3+ Kg1 53.
Qg2# {Black checkmated} 1-0

[Event "Team 45 45 League T28"]
[Site "Internet Chess Club"]
[Date "2005.09.15"]
[Round "1"]
[White "arriero55"]
[Black "ogoon"]
[Result "0-1"]
[WhiteElo "1355"]
[BlackElo "1643"]
[TimeControl "2700+45"]

1. e4 e6 2. d4 d5 3. Nc3 c5 4. Nf3 Nc6 5. Be3 cxd4 6. Nxd4 Bb4 7. Qg4 Nf6 8. Qd1
Nxe4 9. Nxc6 bxc6 10. a3 Nxc3 11. Qd2 Qa5 12. Qd3 Ne4+ 13. c3 Bd6 14. f3 Nc5 15.
Bxc5 Qxc5 16. b4 Qb6 17. Be2 a5 18. b5 cxb5 19. Qxb5+ Qxb5 20. Bxb5+ Bd7 21. Bd3
O-O 22. g3 Be5 23. Kd2 Rab8 24. Rhb1 Rfc8 25. Rxb8 Rxb8 26. Ra2 g6 27. Ke3 Bxc3
28. Rc2 d4+ 29. Ke2 Ba4 30. Rc1 Rb2+ 31. Kf1 Rxh2 32. Kg1 Rd2 33. Be4 Rd1+ 34.
Rxd1 Bxd1 {White resigns} 0-1

[Event "Team 45 45 League T28"]
[Site "Internet Chess Club"]
[Date "2005.09.17"]
[Round "1"]
[White "knightstorm"]
[Black "kikian"]
[Result "0-1"]
[WhiteElo "1833"]
[BlackElo "2083"]
[TimeControl "2700+45"]

1. d4 Nf6 2. c4 g6 3. Nc3 Bg7 4. e4 d6 5. f4 O-O 6. Nf3 Na6 7. e5 Nd7 8. Be2 c5
9. exd6 exd6 10. O-O Nb6 11. d5 Bg4 12. h3 Bxf3 13. Rxf3 f5 14. a3 Qf6 15. Qc2
Nxc4 16. Bxc4 Qd4+ 17. Be3 Qxc4 18. Rd1 Nc7 19. Qd3 Qxd3 20. Rxd3 a5 21. Bf2 b5
22. b3 b4 23. axb4 axb4 24. Na4 Rfe8 25. Nxc5 dxc5 26. Bxc5 Bc3 27. d6 Ne6 28.
d7 Nxc5 29. dxe8=Q+ Rxe8 30. Rd5 Nxb3 {White resigns} 0-1

[Event "Team 45 45 League T28"]
[Site "Internet Chess Club"]
[Date "2005.09.15"]
[Round "1"]
[White "LittleTom"]
[Black "rss"]
[Result "1-0"]
[WhiteElo "1801"]
[BlackElo "1790"]
[TimeControl "2700+45"]

1. e4 e6 2. d4 d5 3. exd5 exd5 4. c4 Nf6 5. Nc3 Be6 6. Nf3 c6 7. cxd5 Nxd5 8.
Bd3 Nd7 9. O-O Bd6 10. Ng5 Nc7 11. Nxe6 Nxe6 12. Re1 Qh4 13. g3 Qxd4 14. Rxe6+
Kd8 15. Re4 Qb6 16. Be3 Qc7 17. Qb3 Ne5 18. Bf1 h5 19. Rd1 {Black resigns} 1-0

[Event "Team 45 45 League T28"]
[Site "Internet Chess Club"]
[Date "2005.09.15"]
[Round "1"]
[White "ARONOVICH"]
[Black "rjml"]
[Result "0-1"]
[WhiteElo "1728"]
[BlackElo "1778"]
[TimeControl "2700+45"]

1. e4 e5 2. Nf3 Nc6 3. d4 exd4 4. Bc4 Nf6 5. O-O Nxe4 6. Re1 d5 7. Bxd5 Qxd5 8.
Nc3 Qa5 9. Nxe4 Be6 10. Bd2 Qd5 11. Bg5 Be7 12. Bxe7 Kxe7 13. c4 dxc3 14. Qc2
Rhd8 15. Qxc3 Kf8 16. h3 Kg8 17. Rad1 Qxd1 18. Rxd1 Rxd1+ 19. Kh2 Bd5 20. Qc2
Ra1 21. Neg5 g6 22. Ne4 Bxe4 23. Qxe4 Rxa2 24. Qc2 Ra5 25. Qb3 Rb8 26. Nd2 Re5
27. Nf3 Re7 28. h4 h5 29. Ng5 a6 30. f3 Nd4 31. Qd5 Nf5 32. Kh3 Nd6 33. Kh2 Rbe8
34. Nh3 Re2 35. Nf4 Rxb2 36. Nxg6 Rb5 37. Qa2 Rf5 38. g4 Rf6 39. gxh5 Ree6 40.
Ne7+ Rxe7 41. Qg2+ Kh7 42. Qg5 Ree6 43. Qd2 Rxf3 44. Qc2+ Ne4 45. Qxc7 Rf2+ 46.
Kg1 Rc6 {White resigns} 0-1

[Event "Team 45 45 League T28"]
[Site "Internet Chess Club"]
[Date "2005.09.18"]
[Round "1"]
[White "Avedldesierto"]
[Black "qs16"]
[Result "1/2-1/2"]
[WhiteElo "1664"]
[BlackElo "1625"]
[TimeControl "2700+45"]

1. h3 d6 2. e4 c5 3. Bb5+ Bd7 4. Qe2 a6 5. Bxd7+ Nxd7 6. c4 e5 7. Nc3 Ngf6 8. d3
Be7 9. Nf3 O-O 10. O-O Rb8 11. Bg5 b5 12. Bxf6 Nxf6 13. b3 b4 14. Nd5 Nxd5 15.
cxd5 Ra8 16. Nd2 a5 17. Nc4 a4 18. Qb2 a3 19. Qe2 Bg5 20. Qg4 Ra7 21. Nxd6 Qxd6
22. Qxg5 h6 23. Qe3 f5 24. Rac1 Rc7 25. f4 fxe4 26. fxe5 Rxf1+ 27. Rxf1 Qxd5 28.
Qxe4 Qd4+ 29. Qxd4 cxd4 30. Re1 Kf7 31. Re2 Ke6 32. Kf2 Rc5 33. Re4 Rc2+ 34. Re2
Rxe2+ 35. Kxe2 Kxe5 36. Kf3 h5 37. g4 h4 38. g5 Kf5 39. g6 Kxg6 40. Kg4 Kf6 41.
Kxh4 Kf5 42. Kg3 Kg5 43. h4+ Kh5 44. Kh3 g6 45. Kg3 g5 46. hxg5 Kxg5 47. Kf3 Kf5
48. Kg3 Kg5 49. Kf3 Kf5 50. Kg3 Kg5 51. Kf3 Kf5 52. Kg3 Kg5 53. Kf3 Kf5 54. Kg3
{Game drawn by repetition} 1/2-1/2